 Dungeon Crawl Stone Soup version 0.29-a0-925-g0a7a3d12f8 (webtiles) character file.

Game seed: 9795702420008752761

21347 leavemydog the Severer (level 12, -2/103 HPs)
             Began as a Hill Orc Fighter on July 29, 2022.
             Was the Champion of Zin.
             Slain by a seven-headed hydra (13 damage)
             ... on level 11 of the Dungeon.
             The game lasted 00:38:55 (16470 turns).

leavemydog the Severer (Hill Orc Fighter)          Turns: 16470, Time: 00:38:56

Health: -2/103     AC: 16    Str: 25    XL:     12   Next: 89%
Magic:  17/17      EV: 10    Int: 10    God:    Zin [******]
Gold:   1072       SH: 13    Dex: 10    Spells: 16/18 levels left

rFire   . . .      SeeInvis .   H - +0 hand axe (venom)
rCold   + . .      Faith    .   m - +2 buckler {rC+}
rNeg    + . .      Spirit   .   F - +0 swamp dragon scales
rPois   +          Reflect  +   (no helmet)
rElec   .          Harm     .   d - +0 cloak
rCorr   .          Rampage  .   u - +1 pair of gloves {Str+3}
Will    .....                   o - +2 pair of boots
Stlth   ..........              y - amulet of reflection
HPRegen 0.27/turn               q - ring of poison resistance
MPRegen 0.15/turn               P - ring of positive energy

@: no status effects
A: no striking features
a: Renounce Religion, Recite, Vitalisation, Imprison, Sanctuary, Donate Gold


You were on level 11 of the Dungeon.
You worshipped Zin.
Zin was exalted by your worship.
You visited 2 branches of the dungeon, and saw 12 of its levels.
You also visited: Bailey.

You collected 1191 gold pieces.
You donated 119 gold pieces to Zin.

Inventory:

Hand Weapons
 n - a +3 vorpal quarterstaff
 H - a +0 hand axe of venom (weapon)
 Q - the +6 falchion of Misery {freeze, Contam rElec Will- Int+7}
   (You found it on level 11 of the Dungeon)

   It freezes those it strikes, dealing additional cold damage.
   It can also slow down cold-blooded creatures.
   Int:       It affects your intelligence (+7).
   rElec:     It insulates you from electricity.
   Contam:    It causes magical contamination when unequipped.
   Will:      It decreases your willpower.
Missiles
 C - 4 atropa-tipped darts (quivered)
 N - 10 throwing nets
Armour
 b - the +2 ring mail of Foidghox {Harm rN+ rCorr}
   (You took it off a gnoll bouda in a bailey)

   rN:        It protects you from negative energy.
   rCorr:     It protects you from acid and corrosion.
   Harm:      It increases damage dealt and taken.
 d - a +0 cloak (worn)
 m - a +2 buckler of cold resistance (worn)
 o - a +2 pair of boots (worn)
 u - a +1 pair of gloves of strength (worn)
 F - +0 swamp dragon scales (worn)
 G - a +1 ring mail of positive energy
 L - the +4 plate armour "Bilur" {rElec rC++ rN+ Will-}
   (You found it on level 8 of the Dungeon)

   rC:        It greatly protects you from cold.
   rElec:     It insulates you from electricity.
   rN:        It protects you from negative energy.
   Will:      It decreases your willpower.
Jewellery
 k - a ring of positive energy
 q - a ring of poison resistance (left hand)
 y - an amulet of reflection (around neck)
 P - a ring of positive energy (right hand)
Wands
 a - a wand of light (8)
 c - a wand of digging (12)
 D - a wand of charming (12)
 I - a wand of roots (8)
Scrolls
 f - 4 scrolls of vulnerability
 h - 3 scrolls of fear
 i - a scroll of amnesia
 j - 5 scrolls of teleportation
 l - a scroll of silence {unknown}
 x - a scroll of poison {unknown}
 z - a scroll of brand weapon {unknown}
 A - a scroll of noise {unknown}
 B - a scroll of summoning {unknown}
 E - 2 scrolls of butterflies
 K - 3 scrolls of immolation
 M - a scroll of enchant weapon {unknown}
 O - a scroll of blinking {unknown}
Potions
 e - 5 potions of curing
 g - 3 potions of attraction
 p - 3 potions of ambrosia
 r - 3 potions of haste
 s - a potion of brilliance
 t - 3 potions of flight
 v - 2 potions of mutation
 w - 2 potions of heal wounds
 J - a potion of lignification {unknown}


   Skills:
 + Level 8.7 Fighting
 + Level 1.1(1.4) Short Blades
 + Level 1.2(1.5) Long Blades
 - Level 16.3 Axes
 + Level 1.6 Staves
 + Level 1.0 Ranged Weapons
 + Level 1.0 Throwing
 + Level 8.3 Armour
 + Level 8.7 Shields
 * Level 3.9 Spellcasting
 + Level 1.8 Conjurations
 + Level 1.1 Hexes
 + Level 1.2 Summonings
 + Level 1.1 Necromancy
 + Level 0.9 Translocations
 * Level 3.6 Transmutations
 + Level 1.2 Fire Magic
 + Level 1.0 Ice Magic
 + Level 0.9 Air Magic
 + Level 1.1 Earth Magic
 + Level 1.0 Poison Magic
 * Level 7.6 Invocations
 + Level 1.1 Evocations


You had 16 spell levels left.
You knew the following spells:

 Your Spells              Type           Power      Damage    Failure   Level
a - Passwall              Tmut/Erth      5%         N/A       26%         2

Your spell library contained the following spells:

 Spells                   Type           Power      Damage    Failure   Level
 Wereblood                Tmut           9%         N/A       16%         2
 Ensorcelled Hibernation  Hex/Ice        8%         N/A       41%         2
 Sublimation of Blood     Necr           4%         N/A       41%         2
 Stone Arrow              Conj/Erth      10%        3d7       58%         3
 Summon Guardian Golem    Hex/Summ       4%         N/A       63%         3
 Swiftness                Air            3%         N/A       67%         3
 Petrify                  Tmut/Erth      6%         N/A       86%         4
 Animate Armour           Summ/Erth      8%         N/A       95%         4
 Metabolic Englaciation   Hex/Ice        2%         N/A       100%        5
 Statue Form              Tmut/Erth      4%         N/A       100%        6
 Orb of Destruction       Conj           2%         9d5       100%        7
 Spellforged Servitor     Conj/Summ      2%         N/A       100%        7
 Summon Hydra             Summ           2%         N/A       100%        7
 Lehudib's Crystal Spear  Conj/Erth      2%         10d2      100%        8


Dungeon Overview and Level Annotations

Branches:
Dungeon (11/15)            Temple (1/1) D:6            Lair (0/5) D:9
    Orc (0/2) D:9          Bailey (visited)

Altars:
Ashenzari
Cheibriados
Dithmenos
Elyvilon
Fedhas
Gozag
Hepliaklqana
Kikubaaqudgha
Makhleb
Nemelex Xobeh
Okawaru
Qazlal
Ru
Sif Muna
Trog
Uskayaw
Vehumet
Wu Jian
Xom
Yredelemnul
Zin
The Shining One

Annotations:
D:4 2 transporters


Message History

The seven-headed hydra bites you but does no damage.
The seven-headed hydra bites you.
The seven-headed hydra closely misses you.
The seven-headed hydra bites you.
Keep disrobing?
You block the seven-headed hydra's attack.
The seven-headed hydra bites you!
The seven-headed hydra bites you but does no damage.
You block the seven-headed hydra's attack. x2
You start removing your armour.
You continue taking off your +2 buckler of cold resistance.
You block the seven-headed hydra's attack.
The seven-headed hydra bites you but does no damage. x2
You block the seven-headed hydra's attack.
The seven-headed hydra bites you but does no damage.
The seven-headed hydra barely misses you. x2
You continue taking off your +2 buckler of cold resistance.
The seven-headed hydra bites you! x3
The seven-headed hydra bites you but does no damage.
The seven-headed hydra bites you. The seven-headed hydra bites you!
* * * LOW HITPOINT WARNING * * *
The seven-headed hydra closely misses you.
You continue taking off your +2 buckler of cold resistance.
You block the seven-headed hydra's attack.
The seven-headed hydra bites you.
* * * LOW HITPOINT WARNING * * *
The seven-headed hydra closely misses you.
You block the seven-headed hydra's attack.
The seven-headed hydra bites you.
* * * LOW HITPOINT WARNING * * *
You block the seven-headed hydra's attack.
The seven-headed hydra bites you but does no damage.
You continue taking off your +2 buckler of cold resistance.
The seven-headed hydra bites you.
* * * LOW HITPOINT WARNING * * *
The seven-headed hydra bites you.
* * * LOW HITPOINT WARNING * * *
You block the seven-headed hydra's attack.
The seven-headed hydra bites you!
You die...

####### .....## #
##. ... #. ..##D#
#. #.#@# #..
#./.##.##
#..###.........
#.#...##.##....
#####.##..##.##....
#................ .
.####.....######
#.###.# #.# .#


You could see a seven-headed hydra.

Vanquished Creatures
  A boulder beetle (D:11)
  A two-headed ogre (D:8)
  Pikel (D:9)
  A gargoyle (D:11)
  Maggie (D:6)
  Psyche (D:10)
  2 trolls (D:11)
  A hornet (D:10)
  Grinder (D:3)
  A shadow (D:7)
  Sigmund (D:3)
  A wraith (D:9)
  6 yaks (D:10)
  2 wyverns
  A basilisk (D:9)
  2 steam dragons
  Grum (D:9)
  Menkaure (D:4)
  5 water moccasins
  Duvessa (D:7)
  An ice beast (D:7)
  6 orc warriors
  2 black bears
  An ogre (D:6)
  A sky beast (D:6)
  3 centaurs
  4 wolves (Bailey)
  4 lemures
  3 kobold brigands
  8 bullfrogs
  A necrophage (D:6)
  14 gnoll sergeants
  5 scorpions
  Dowan (D:7)
  24 wights
  9 killer bees
  13 howler monkeys
  9 orc priests
  15 hounds
  9 gnoll boudas
  A jelly (D:6)
  Crazy Yiuf (D:4)
  Jessica (D:3)
  5 iguanas
  Ijyb (D:5)
  12 orc wizards
  51 gnolls
  9 adders
  3 shadow imps
  A white imp (D:7)
  2 worms
  3 dart slugs
  51 orcs
  7 endoplasms
  2 giant cockroaches (D:1)
  12 goblins
  5 hobgoblins
  5 jackals (D:9)
  12 kobolds
  3 quokkas
  7 ball pythons
  2 bats
  3 frilled lizards
  9 rats
373 creatures vanquished.

Vanquished Creatures (others)
  4 fungi (D:9)
  7 plants
11 creatures vanquished.

Grand Total: 384 creatures vanquished

Notes
Turn   | Place    | Note
-------+----------+-------------------------------------------
     0 | D:1      | leavemydog the Hill Orc Fighter began the quest for the
                  | Orb.
     0 | D:1      | Reached XP level 1. HP: 19/19 MP: 1/1
   360 | D:1      | Reached XP level 2. HP: 23/27 MP: 2/2
   420 | D:1      | Reached skill level 3 in Axes
   463 | D:1      | Found a faded altar of an unknown god.
   751 | D:1      | Reached XP level 3. HP: 30/33 MP: 3/3
  1105 | D:2      | Found a hazy altar of Hepliaklqana.
  1747 | D:3      | Reached skill level 4 in Axes
  1757 | D:3      | Noticed Grinder
  1775 | D:3      | Reached XP level 4. HP: 39/40 MP: 4/4
  1781 | D:3      | Paralysed by Grinder for 2 turns
  1785 | D:3      | Killed Grinder
  1786 | D:3      | Reached skill level 6 in Axes
  1786 | D:3      | Reached XP level 5. HP: 19/47 MP: 5/5
  1786 | D:3      | Reached XP level 6. HP: 21/53 MP: 6/6
  2186 | D:3      | Noticed Sigmund
  2199 | D:3      | Killed Sigmund
  2200 | D:3      | Reached skill level 7 in Axes
  2322 | D:3      | Found a shimmering altar of Xom.
  2349 | D:3      | Noticed Jessica
  2354 | D:3      | Killed Jessica
  2355 | D:3      | Reached skill level 8 in Axes
  2355 | D:3      | Reached XP level 7. HP: 60/60 MP: 7/7
  2914 | D:4      | Found a transporter.
  3020 | D:4      | Found a transporter.
  3064 | D:4      | Noticed Menkaure
  3072 | D:4      | HP: 3/60 [Menkaure (18)]
  3086 | D:4      | HP: 3/60 [??? (1)]
  3521 | D:4      | Killed Menkaure
  3522 | D:4      | Reached skill level 9 in Axes
  4060 | D:4      | Found a runed translucent door.
  4061 | D:4      | Noticed Crazy Yiuf
  4070 | D:4      | Killed Crazy Yiuf
  4071 | D:4      | Reached skill level 5 in Armour
  4282 | D:5      | Entered Level 5 of the Dungeon
  4329 | D:5      | Reached skill level 5 in Fighting
  4329 | D:5      | Reached XP level 8. HP: 49/68 MP: 6/8
  4775 | D:5      | Reached skill level 10 in Axes
  4899 | D:5      | You fall into a shaft and drop 1 floor!
  5233 | D:5      | Reached skill level 11 in Axes
  5493 | D:5      | Found a hazy altar of Hepliaklqana.
  5533 | D:5      | Found a broken altar of Ashenzari.
  5536 | D:5      | Found a white marble altar of Elyvilon.
  5539 | D:5      | Found a shadowy altar of Dithmenos.
  5542 | D:5      | Found a blossoming altar of Fedhas.
  5582 | D:5      | Noticed Ijyb
  5598 | D:5      | Killed Ijyb
  5759 | D:5      | Reached XP level 9. HP: 55/75 MP: 9/9
  6371 | D:6      | Noticed Maggie
  6387 | D:6      | Reached skill level 5 in Shields
  6388 | D:6      | Killed Maggie
  6389 | D:6      | Reached skill level 12 in Axes
  6525 | D:6      | Found a staircase to the Ecumenical Temple.
  6535 | Temple   | Entered the Ecumenical Temple
  6701 | Temple   | Became a worshipper of Zin the Law-Giver
  6701 | Temple   | Reached * piety under Zin
  6809 | D:6      | Reached skill level 1 in Invocations
  7116 | D:6      | Reached ** piety under Zin
  7559 | D:6      | Reached skill level 13 in Axes
  8054 | D:7      | Noticed Duvessa
  8055 | D:7      | Noticed Dowan
  8066 | D:7      | Killed Dowan
  8067 | D:7      | Reached XP level 10. HP: 77/84 MP: 12/12
  8067 | D:7      | Killed Duvessa
  8108 | D:7      | Reached skill level 14 in Axes
  8122 | D:7      | Reached *** piety under Zin
  8820 | D:7      | Learned a level 2 spell: Passwall
  8874 | D:7      | Found an ornate altar of the Wu Jian Council.
  8898 | D:7      | Reached **** piety under Zin
  9484 | D:8      | Reached skill level 1 in Spellcasting
  9536 | D:8      | Reached skill level 15 in Axes
  9747 | D:8      | Identified the +4 plate armour "Bilur" {rElec rC++ rN+
                  | Will-}
  9842 | D:8      | Reached skill level 1 in Transmutations
 10209 | D:8      | Reached ***** piety under Zin
 10545 | D:9      | Found a staircase to the Orcish Mines.
 10603 | D:9      | Reached skill level 5 in Invocations
 10731 | D:9      | Reached XP level 11. HP: 46/92 MP: 14/14
 10995 | D:9      | Noticed Pikel
 11258 | D:9      | Noticed a two-headed ogre
 11403 | D:8      | Killed a two-headed ogre
 11647 | D:9      | Found a staircase to the Lair.
 11779 | D:9      | Noticed Grum
 11786 | D:9      | Killed Grum
 11906 | D:9      | Reached skill level 1 in Short Blades
 11906 | D:9      | Reached skill level 1 in Long Blades
 11906 | D:9      | Reached skill level 1 in Staves
 11906 | D:9      | Reached skill level 1 in Ranged Weapons
 11906 | D:9      | Reached skill level 1 in Throwing
 11906 | D:9      | Reached skill level 1 in Conjurations
 11906 | D:9      | Reached skill level 1 in Hexes
 11906 | D:9      | Reached skill level 1 in Summonings
 11906 | D:9      | Reached skill level 1 in Necromancy
 11906 | D:9      | Reached skill level 1 in Fire Magic
 11906 | D:9      | Reached skill level 1 in Ice Magic
 11906 | D:9      | Reached skill level 1 in Earth Magic
 11906 | D:9      | Reached skill level 1 in Poison Magic
 11906 | D:9      | Reached skill level 1 in Evocations
 11906 | D:9      | Reached XP level 12. HP: 91/101 MP: 16/16
 12447 | D:9      | Killed Pikel
 12448 | D:9      | Reached skill level 16 in Axes
 12603 | D:9      | Noticed a fire dragon
 12604 | D:9      | Noticed an ogre mage
 12679 | D:9      | Noticed a four-headed hydra
 13195 | D:10     | Entered Level 10 of the Dungeon
 13195 | D:10     | Noticed Psyche
 13350 | D:10     | Killed Psyche
 13497 | D:10     | Found a flagged portal.
 13558 | Bailey   | Entered a bailey
 14086 | Bailey   | Identified the +2 ring mail of Foidghox {Harm rN+ rCorr}
 14244 | Bailey   | Reached ****** piety under Zin
 15685 | D:11     | Noticed a boulder beetle
 15707 | D:11     | Killed a boulder beetle
 15920 | D:11     | Identified the +6 falchion of Misery {freeze, Contam rElec
                  | Will- Int+7}
 16464 | D:11     | Noticed a seven-headed hydra
 16470 | D:11     | Slain by a seven-headed hydra

Illustrated notes

Levels and vault maps discovered:
D:1:      dpeg_arrival_prison, layout_rooms, chequers_ecumenical_altar_lobes,
          minmay_tromino_i2
D:2:      layout_loops_ring, basic_altar, st_stairs_12
D:3:      layout_basic, mainiacjoe_overflow_alcove_1, uniq_sigmund,
          uniq_jessica, uniq_grinder
D:4:      gammafunk_wand_slinger, layout_basic, serial_corexii_hall,
          corexii_hall_statues_x, chequers_hall_statues_corner_a, uniq_menkaure,
          uniq_crazy_yiuf_cottage
D:5:      minmay_spotlight, layout_basic, marbit_many_paths,
          grunt_temple_overflow_cloverleaf, chequers_jeans, uniq_ijyb
D:6:      minmay_thinvault, layout_basic, minmay_temple_entry_gardened_gates,
          uniq_maggie
D:7:      layout_basic, nzn_wu_jian_council_hall, due_unseen_surprise,
          uniq_duvessa
D:8:      layout_layer_cave
D:9:      layout_big_octagon, dpeg_oklobed_lair, david_orc_2, serial_gnoll_camp,
          gnoll_camp_mini_hut, gnoll_camp_mini_house, gnoll_camp_huts_moat,
          grums_kennel, gnoll_camp_medium_02, gnoll_camp_mini_house,
          wad_scary_box, uniq_pikel
D:10:     layout_roguey, enter_bailey_7, uniq_psyche
D:11:     layout_loops_corners
Temple:   regret_index_temple_waves

Skill      XL: |  1  2  3  4  5  6  7  8  9 10 11 12 |
---------------+-------------------------------------+-----
Axes           | 3 4 6 8 9 11 13 15 16 | 16.3
Fighting       | 4 5 6 7 8 |  8.7
Armour         | 4 5 6 7 8 |  8.3
Shields        | 4 5 6 7 8 |  8.7
Invocations    | 3 5 6 7 |  7.6
Spellcasting   | 1 3 |  3.9
Transmutations | 1 3 |  3.6
Short Blades   | 1 |  1.1
Long Blades    | 1 |  1.2
Staves         | 1 |  1.6
Ranged Weapons | 1 |  1.0
Throwing       | 1 |  1.0
Conjurations   | 1 |  1.8
Hexes          | 1 |  1.1
Summonings     | 1 |  1.2
Necromancy     | 1 |  1.1
Fire Magic     | 1 |  1.2
Ice Magic      | 1 |  1.0
Earth Magic    | 1 |  1.1
Poison Magic   | 1 |  1.0
Evocations     | 1 |  1.1
Translocations | |  0.9
Air Magic      | |  0.9

Action                   |  1- 3 |  4- 6 |  7- 9 | 10-12 || total
-------------------------+-------+-------+-------+-------++-------
Melee: War axe           |   105 |    34 |   363 |    17 ||   519
       Hand axe          |       |       |       |   983 ||   983
Invok: Recite            |       |       |     1 |     1 ||     2
       Vitalisation      |       |       |     1 |     1 ||     2
  Use: Scroll            |       |       |    11 |    14 ||    25
       Potion            |       |       |     3 |     5 ||     8
 Stab: Distracted        |       |     1 |       |       ||     1
       Invisible         |       |       |       |     1 ||     1
Armor: Scale mail        |    52 |     6 |   112 |       ||   170
       Swamp dragon scal |       |       |    34 |   291 ||   325
Dodge: Dodged            |    47 |    13 |   109 |   244 ||   413
Block: Buckler           |    25 |     1 |   151 |   551 ||   728
       Reflection        |       |       |       |    22 ||    22

Table legend: (Time is in decaauts)
 A = Elapsed time spent in this place.
 B = Non-inter-level travel time spent in this place.
 C = Inter-level travel time spent in this place.
 D = Time resting spent in this place.
 E = Time spent auto-exploring this place.
 F = Levels seen in this place.
 G = Mean time per level.
                   A        B        C        D        E       F      G
               +--------+--------+--------+--------+--------+-----+--------+
         Total |  16136 |  15525 |    611 |   4014 |   8848 |  13 | 1241.2 |
       Dungeon |  15189 |  14607 |    582 |   3833 |   8284 |  11 | 1380.8 |
        Temple |    173 |    144 |     29 |      0 |    129 |   1 |  173.0 |
        Bailey |    772 |    772 |      0 |    180 |    435 |   1 |  772.0 |
               +--------+--------+--------+--------+--------+-----+--------+

Top non-repeatable levels by time:
     D:9: 2188 daAuts
     D:5: 1861 daAuts
     D:8: 1839 daAuts
     D:6: 1661 daAuts
     D:3: 1462 daAuts
     D:4: 1189 daAuts
    D:11: 1160 daAuts
     D:7: 1095 daAuts
    D:10: 1064 daAuts
     D:1: 954 daAuts
  Bailey: 772 daAuts
     D:2: 711 daAuts
  Temple: 173 daAuts
